 Dungeon Crawl Stone Soup version 0.28.0 (webtiles) character file.

Game seed: 3509977792297445460

135 Prodoman the Magician (level 4, -2/33 HPs)
             Began as a Demonspawn Hedge Wizard on Feb 4, 2022.
             Slain by an ogre (6 damage)
             ... on level 6 of the Dungeon.
             The game lasted 00:06:25 (2110 turns).

Prodoman the Magician (Demonspawn Hedge Wizard)     Turns: 2110, Time: 00:06:26

Health: -2/33      AC: 18    Str:  9 (11) XL:     4   Next: 96%
Magic:  6/9        EV: 12    Int: 17      God:
Gold:   121        SH:  0    Dex:  9 (10) Spells: 2/10 levels left

rFire   . . .      SeeInvis .   e - +0 flail (protect)
rCold   . . .      Faith    .   (no shield)
rNeg    . . .      Spirit   .   b - +0 robe
rPois   .          Reflect  .   c - +0 hat
rElec   .          Harm     .   g - +0 cloak
rCorr   .          Rampage  .   h - +0 pair of gloves
Will    .....      Rage     1%  f - +0 pair of boots
Stlth   ++........              (no amulet)
HPRegen 0.11/turn               (no ring)
MPRegen 0.11/turn               (no ring)

@: sanguine armoured, under a protective aura
A: demonic guardian 1, powered by death 1, sanguine armour 1, berserk 1, clumsy
1, robust 1, screaming 1
a: no special abilities


You were on level 6 of the Dungeon.
You visited 1 branch of the dungeon, and saw 4 of its levels.

You collected 121 gold pieces.

Inventory:

Hand Weapons
 a - a +0 dagger
 e - a +0 flail of protection (weapon)
Armour
 b - a +0 robe (worn)
 c - a +0 hat (worn)
 f - a +0 pair of boots (worn)
 g - a +0 cloak (worn)
 h - a +0 pair of gloves (worn)
Scrolls
 d - 5 scrolls of identify {unknown}
 j - a scroll of teleportation {unknown}
 o - a scroll of blinking {unknown}


   Skills:
 + Level 2.4 Dodging
 + Level 2.6 Stealth
 * Level 3.6 Spellcasting
 + Level 2.0 Conjurations
 + Level 0.0 Hexes
 + Level 2.0 Summonings
 + Level 1.8 Translocations
 + Level 0.0 Ice Magic


You had 2 spell levels left.
You knew the following spells:

 Your Spells              Type           Power      Damage    Failure   Level
a - Magic Dart            Conj           36%        1d4       8%          1
b - Blink                 Tloc           18%        N/A       12%         2
c - Call Imp              Summ           9%         N/A       11%         2
d - Slow                  Hex            12%        N/A       17%         1
e - Ensorcelled Hibernat  Hex/Ice        6%         N/A       26%         2

Your spell library contained the following spells:

 Spells                   Type           Power      Damage    Failure   Level
 Shock                    Conj/Air       24%        1d4       11%         1
 Static Discharge         Conj/Air       6%         N/A       17%         2
 Passwall                 Tmut/Erth      2%         N/A       26%         2
 Conjure Flame            Conj/Fire      6%         6-21      32%         3
 Mephitic Cloud           Conj/Pois/Air  5%         N/A       36%         3
 Confusing Touch          Hex            3%         N/A       45%         3
 Swiftness                Air            3%         N/A       45%         3
 Vampiric Draining        Necr           3%         2d6       45%         3
 Anguish                  Hex/Necr       1%         N/A       86%         4
 Leda's Liquefaction      Hex/Erth       1%         N/A       86%         4


Dungeon Overview and Level Annotations

Branches:
Dungeon (3/15)

Altars:
Wu Jian


Innate Abilities, Weirdness & Mutations

A weak demonic guardian rushes to your aid.
You regenerate a little health from kills.
When seriously injured, your blood forms armour. (AC +6)
You tend to lose your temper in combat.
You are clumsy. (Dex -2)
You are robust. (+10% HP)
You occasionally shout uncontrollably at your foes.


Message History

Casting: Magic Dart (safe; 8% risk of failure)
Confirm with . or Enter, or press ? or * to list all spells.
Aiming: Magic Dart (safe; 8% risk of failure)
Press: ? - help, Shift-Dir - straight line, f/p - hound
Aim: a hound (heavily wounded, 100% to hit)
The magic dart hits the hound but does no damage.
The hound is heavily wounded.
The hound barely misses you.
An ogre comes into view. It is wielding a +0 giant spiked club.
Unknown command.
You closely miss the hound.
The hound is heavily wounded.
The hound bites you but does no damage. The hound closely misses you.
You closely miss the hound.
The hound is moderately wounded.
The hound barely misses you. The hound bites you but does no damage.
The hound bites you.
You closely miss the hound.
The hound is moderately wounded.
The hound bites you.
The hound barely misses you. x2; The hound bites you.
You closely miss the hound.
The hound is moderately wounded.
The hound bites you. The hound barely misses you.
The hound bites you but does no damage. The hound barely misses you.
You closely miss the hound.
The hound is moderately wounded.
The hound bites you.
Your blood congeals into armour.
The hound closely misses you.
The ogre hits you with a +0 giant spiked club!!
Ouch! That really hurt!
* * * LOW HITPOINT WARNING * * *
A demonic guardian appears!
The hound bites you but does no damage. The hound barely misses you.
A crimson imp comes into view.
You thump the hound!
Your weapon exudes an aura of protection.
The hound is almost dead.
The hound bites you but does no damage. The hound misses you.
The ogre hits you with a +0 giant spiked club.
You die...

#.. .5≈.. .#
#..##...##.# ##...#...
..# ....##.##..#
#...#.#...#
#.........####
##.....h5.....
#.....@h......
#...#.#O...... ######
##..##.##......
.....#####...#...#......
............##...##....#
####........#..≈..#..###
##.......#.≈≈≈.# ##
#.......#.≈≈≈.#
##......#.≈≈≈.#


You could see an ogre, 2 hounds, a crimson imp and a friendly white imp
(summoned).

Vanquished Creatures
  A centaur zombie (D:6)
  5 adders
  A white imp (D:6)
  A ball python (D:3)
  An endoplasm (D:2)
  A giant cockroach (D:1)
  2 goblins
  2 hobgoblins
  A kobold (D:1)
  A bat (D:1)
  A frilled lizard (D:1)
  A rat (D:3)
18 creatures vanquished.

Vanquished Creatures (collateral kills)
  3 gnolls (D:3)
  An adder (D:3)
4 creatures vanquished.

Grand Total: 22 creatures vanquished

Notes
Turn   | Place    | Note
-------+----------+-------------------------------------------
     0 | D:1      | Prodoman the Demonspawn Hedge Wizard began the quest for
                  | the Orb.
     0 | D:1      | Reached XP level 1. HP: 13/13 MP: 4/4
    61 | D:1      | Reached skill level 1 in Translocations
   278 | D:1      | Got the Grimoire of Elitism
   561 | D:2      | Gained mutation: When seriously injured, your blood forms
                  | armour. (AC +6) [demonic ancestry]
   561 | D:2      | Reached XP level 2. HP: 19/19 MP: 0/6
   759 | D:2      | Found a faded altar of an unknown god.
  1008 | D:2      | Gained mutation: A weak demonic guardian rushes to your
                  | aid. [demonic ancestry]
  1008 | D:2      | Reached XP level 3. HP: 24/24 MP: 1/7
  1597 | D:3      | Learned a level 2 spell: Blink
  1614 | D:3      | Gained mutation: You regenerate a little health from kills.
                  | [demonic ancestry]
  1614 | D:3      | Reached XP level 4. HP: 4/30 MP: 9/9
  1614 | D:3      | Gained mutation: You are clumsy. (Dex -2) [potion of
                  | mutation]
  1614 | D:3      | Gained mutation: You have hidden genetic defects. [potion
                  | of mutation]
  1614 | D:3      | Gained mutation: You are robust. (+10% HP) [potion of
                  | mutation]
  1634 | D:3      | Gained mutation: You tend to lose your temper in combat.
                  | [hidden defects]
  1670 | D:3      | Found an ornate altar of the Wu Jian Council.
  1674 | D:3      | You fall into a shaft and drop 3 floors!
  1820 | D:6      | Gained mutation: You occasionally shout uncontrollably at
                  | your foes. [hidden defects]
  1820 | D:6      | Lost mutation: You have hidden genetic defects. [hidden
                  | defects expressed]
  1987 | D:6      | Learned a level 2 spell: Call Imp
  1989 | D:6      | Learned a level 1 spell: Slow
  1992 | D:6      | Learned a level 2 spell: Ensorcelled Hibernation
  2104 | D:6      | Noticed an ogre
  2110 | D:6      | Slain by an ogre

Illustrated notes

Levels and vault maps discovered:
D:1:      lightli_arrival_windingriver, layout_rooms, minmay_misc_feat_square
D:2:      layout_loops_cross, shapermc_ecumenical_altar_starsandcircs
D:3:      layout_loops_ring, nzn_wu_jian_contemplation,
          grunt_temple_overflow_holy_war, minmay_misc_feat_tiny
D:6:      layout_layer_cave, nicolae_sif_muna_condensation,
          minmay_fire_ice_demons, uniq_eustachio

Skill      XL: |  1  2  3  4 |
---------------+-------------+-----
Translocations | 1 |  1.8
Dodging        | 2 |  2.4
Stealth        | 2 |  2.6
Conjurations   | 2 |  2.0
Summonings     | 2 |  2.0
Spellcasting   | |  3.6

Action                   |  1- 3 |  4- 6 || total
-------------------------+-------+-------++-------
Melee: Dagger            |    16 |     2 ||    18
       Punch             |     1 |       ||     1
       Flail             |       |    21 ||    21
 Cast: Magic Dart        |    38 |    12 ||    50
  Use: Potion            |     1 |     5 ||     6
Armor: Robe              |     9 |    19 ||    28
Dodge: Dodged            |    27 |    36 ||    63
